 Dungeon Crawl Stone Soup version 0.27.1-35-g4d5d836560 (console) character file.

Game seed: 7066784325111246430

120064 grimtooth the Black Sun (level 16, 0/152 HPs)
             Began as a Deep Dwarf Necromancer on Mar 28, 2022.
             Was a High Priest of Kikubaaqudgha.
             Hit by a large rock thrown by a cyclops (24 damage)
             ... on level 12 of the Dungeon on Mar 29, 2022.
             The game lasted 04:37:32 (43140 turns).

grimtooth the Black Sun (Deep Dwarf Necromancer)   Turns: 43140, Time: 04:37:33

Health: 0/152      AC: 25    Str: 15    XL:     16   Next: 29%
Magic:  27/27      EV: 11    Int: 22    God:    Kikubaaqudgha [*****.]
Gold:   196        SH:  5    Dex: 13    Spells: 13/34 levels left

rFire    . . .     SeeInvis .   b - +5 long sword of the Moon {vamp, rCorr}
rCold    + . .     Faith    .   d - +0 buckler {AC+3}
rNeg     + + +     Spirit   .   E - +5 scale mail of Inaction {rC+ rN+}
rPois    +         Reflect  .   L - +0 helmet
rElec    .         Harm     .   R - +0 cloak {rPois}
rCorr    +         Rampage  .   (no gloves)
Will     +++..                  o - +1 pair of boots {Fly}
Stlth    +++.......             j - amulet "Veica" {RegenMP rN+ Will+ Str+2}
HPRegen  0.00/turn              X - +4 ring of protection
MPRegen  0.45/turn              r - +4 ring of slaying

@: flying
A: damage resistance, heal wounds, negative energy resistance 1, sense
surroundings 2, no regeneration
a: Heal Wounds, Renounce Religion, Receive Corpses, Torment


You were on level 12 of the Dungeon.
You worshipped Kikubaaqudgha.
Kikubaaqudgha was extremely pleased with you.
You visited 6 branches of the dungeon, and saw 25 of its levels.
You also visited: Ice Cave.

You collected 2197 gold pieces.
You spent 2001 gold pieces at shops.

Inventory:

Hand Weapons
 a - a +3 dagger of venom
 b - the +5 long sword of the Moon (weapon) {vamp, rCorr}
   (You found it on level 6 of the Lair of Beasts)

   It occasionally heals its wielder for a portion of the damage dealt when it
   wounds a living foe.
   rCorr:     It protects you from acid and corrosion.
 v - a +3 scimitar of flaming
Missiles
 g - 36 boomerangs
 s - 17 sling bullets
 x - 7 throwing nets {=f}
 I - 17 poisoned darts (quivered)
Armour
 d - a +0 buckler of protection (worn)
 k - the +0 pair of boots "Woenihed" {rF+ rC+ Regen+}
   (You found it on level 13 of the Dungeon)

   rF:        It protects you from fire.
   rC:        It protects you from cold.
   Regen:     It increases your rate of health regeneration.
 o - a +1 pair of boots of flying (worn)
 E - the +5 scale mail of Inaction (worn) {rC+ rN+}
   (You bought it in a shop on level 1 of the Dungeon)

   rC:        It protects you from cold.
   rN:        It protects you from negative energy.
 L - a +0 helmet (worn)
 R - a +0 cloak of poison resistance (worn)
Jewellery
 j - the amulet "Veica" (around neck) {RegenMP rN+ Will+ Str+2}
   (You bought it in a shop on level 3 of the Dungeon)

   [amulet of magic regeneration]

   It increases your rate of magic regeneration.
   Str:       It affects your strength (+2).
   rN:        It protects you from negative energy.
   Will:      It increases your willpower.
 r - a +4 ring of slaying (right hand)
 G - a ring of see invisible
 X - a +4 ring of protection (left hand)
Wands
 i - a wand of iceblast (1)
 l - a wand of acid (5)
 n - a wand of charming (6)
 t - a wand of digging (8)
 A - a wand of paralysis (17)
 B - a wand of flame (44)
 O - a wand of polymorph (9)
 V - a wand of mindburst (6)
Scrolls
 c - 5 scrolls of magic mapping
 h - a scroll of acquirement {unknown}
 m - a scroll of brand weapon
 p - 4 scrolls of teleportation
 q - 2 scrolls of amnesia
 w - a scroll of fear
 y - a scroll of fog
 H - 3 scrolls of blinking
 S - a scroll of summoning
Potions
 e - 3 potions of might
 f - 4 potions of curing
 u - 5 potions of lignification
 z - 2 potions of berserk rage
 C - a potion of brilliance
 D - 3 potions of ambrosia
 J - 2 potions of magic
 M - 5 potions of haste
 N - a potion of invisibility
 T - 2 potions of resistance
Miscellaneous
 K - a condenser vane


   Skills:
 - Level 12.0 Fighting
 + Level 0.0 Long Blades
 - Level 9.0 Armour
 - Level 6.0 Dodging
 - Level 9.0 Stealth
 - Level 6.0 Shields
 + Level 9.9 Spellcasting
 - Level 15.3 Necromancy
 - Level 9.5 Ice Magic
 - Level 9.0 Evocations


You had 13 spell levels left.
You knew the following spells:

 Your Spells              Type           Power      Damage    Failure   Level
a - Vampiric Draining     Necr           34%        2d10      1%          3
b - Sublimation of Blood  Necr           34%        N/A       1%          2
c - Simulacrum            Ice/Necr       30%        N/A       17%         6
g - Agony                 Necr           68%        N/A       1%          5
u - Dispel Undead         Necr           68%        3d23      1%          4
x - Pain                  Necr           100%       1d9       1%          1

Your spell library contained the following spells:

 Spells                   Type           Power      Damage    Failure   Level
 Animate Skeleton         Necr           100%       N/A       1%          1
 Frozen Ramparts          Ice            100%       1d12      1%          3
 Ozocubu's Armour         Ice            52%        N/A       1%          3
 Animate Dead             Necr           34%        N/A       1%          4
 Excruciating Wounds      Necr           34%        N/A       1%          5
 Ice Form                 Ice/Tmut       31%        N/A       26%         4
 Summon Ice Beast         Ice/Summ       31%        N/A       26%         4
 Static Discharge         Conj/Air       10%        N/A       28%         2
 Conjure Flame            Conj/Fire      10%        6-21      50%         3
 Dazzling Flash           Conj/Hex       20%        N/A       50%         3
 Gell's Gravitas          Tloc           5%         N/A       50%         3
 Ignite Poison            Fire/Tmut/Pois 10%        N/A       50%         3
 Lesser Beckoning         Tloc           5%         N/A       50%         3
 Teleport Other           Tloc           10%        N/A       50%         3
 Metabolic Englaciation   Hex/Ice        15%        N/A       58%         5
 Sticky Flame             Conj/Fire      10%        2d3       88%         4
 Infestation              Necr           34%        N/A       92%         8
 Ozocubu's Refrigeration  Ice            26%        4d10      97%         7
 Lightning Bolt           Conj/Air       5%         1d17      99%         5
 Silence                  Hex/Air        5%         N/A       99%         5
 Dispersal                Tloc           5%         N/A       100%        6
 Haunt                    Necr/Summ      22%        N/A       100%        7
 Maxwell's Capacitive Co  Air            5%         ∞         100%        8


Dungeon Overview and Level Annotations

Branches:
Dungeon (14/15)            Temple (1/1) D:7            Lair (6/6) D:9
 Shoals (1/4) Lair:4       Spider (1/4) Lair:3        Slime (0/5) Lair:6
    Orc (2/2) D:9             Elf (0/3) Orc:2        Vaults (0/5) D:13
  IceCv (visited)

Altars:
Ashenzari
Cheibriados
Dithmenos
Elyvilon
Fedhas
Gozag
Hepliaklqana
Kikubaaqudgha
Makhleb
Nemelex Xobeh
Qazlal
Ru
Sif Muna
Trog
Vehumet
Wu Jian
Zin

Shops:
D:1 [[![   D:3 =   D:7 *   Orc:2 *[=[*

Annotations:
D:11 1 runed translucent door, ravioli's ghost, journeyman DjFE
D:13 Jorgrun
Lair:2 3 runed translucent doors, Junaliek's ghost, journeyman MiFi
Orc:2 3 runed translucent doors, DemonSlayer's ghost, journeyman DsBe; JamesMcGaha's ghost, journeyman GrBe


Innate Abilities, Weirdness & Mutations

You are resistant to damage.
You can heal yourself by infusing magical energy.
You resist negative energy. (rN+)
You passively map the area around you.
You do not regenerate.


Message History

There is a staircase back to the Lair here.
You fly upwards.
Welcome back to the Lair of Beasts!
There is a staircase to the Shoals here.
Search for what [? for help]? book Search for what [Enter for "book", or ? for help]? demon Search for what [Enter for "demon", or ? for help]? blade
There is an escape hatch in the ceiling here.
A mysterious force pulls you upwards. The hatch slams shut behind you.
There is a stone staircase leading up here.
You fly upwards.
Level annotation: 3 runed translucent doors, Junaliek's ghost, journeyman MiFi
There is a stone staircase leading down here.
There is a stone staircase leading up here.
You fly upwards.
There is a stone staircase leading down here.
There is a staircase back to the Dungeon here.
You fly upwards.
Welcome back to the Dungeon!
There is a staircase to the Lair here.
Items here: !!! (((((( )) ==== ???????? [[[[[[[.
There is an open door here.
There is an open door here.
There is a stone staircase leading down here.
You fly downwards.
There is a stone staircase leading up here.
There is a stone staircase leading down here.
You fly downwards.
Level annotation: 1 runed translucent door, ravioli's ghost, journeyman DjFE
There is a stone staircase leading up, spattered with blood here.
There is an open door here.
There is an open door here.
There is a stone staircase leading down here.
You fly downwards.
There is a stone staircase leading up here.
You see here a +3 scimitar of flaming.
v - a +3 scimitar of flaming A cyclops comes into view.
The cyclops shouts!
You hear a shout!
The cyclops throws a large rock.
The large rock hits you!!
You die...
Kikubaaqudgha rasps: "You have failed me!
Welcome... death!"

..# #.....# #.......# #.....
#[###.....#####.......######.....
..C.e..e......[.....C....e.......
###.#.....#####.......#####......
###.#.....# #.......# ##......
....####### ############.......
##.## ############# #............
...#* #...........###..........#.
#####...###.8.###...#..........#.
###...# #.......###..........#e##
#...###..#.....#@.###.....[.(#.##
).###,.##.#...#(##..###...).....#
### *#.#.#.#.#.# #..###..###..# #
, ............. ,..8#...##..# #,,
#.###.#.#.###.# , C##<.....# ,
#., #.##.##. ,..#, #.....## . .*
#..*#.# .. *#.#, ##....## # #.
#.# ...,#.# #. #....#. ... # ...
*.# ##..... #.# * ,, ,* #...#.
..##. , * , .#.##..#.


You could see a cyclops.

Vanquished Creatures
  2 frost giants (D:12)
  Aizul (Shoals:1)
  A stone giant (D:12)
  Nessos (D:12)
  Harold (D:8)
  8 vault guards (D:13)
  3 boulder beetles
  8 hydras
  4 centaur warriors
  A merfolk avatar (Lair:6)
  4 two-headed ogres
  3 death yaks (Lair:4)
  A deep elf knight (D:12)
  3 orc knights
  6 harpies
  3 manticores
  3 orc sorcerers (Orc:2)
  A wolf spider (Spider:1)
  7 cyclopes
  A faun (Shoals:1)
  3 ugly things (D:13)
  20 elephants
  5 black mambas
  A water nymph (Shoals:1)
  A torpor snail (Lair:5)
  3 unseen horrors
  2 gargoyles
  7 cane toads
  A kobold demonologist (D:12)
  5 rime drakes
  Maggie (D:6)
  An efreet (D:12)
  4 komodo dragons
  2 ice devils (IceCv)
  3 polar bears
  A jumping spider (Lair:3)
  Prince Ribbit (D:6)
  5 merfolk (Shoals:1)
  A meliai (D:12)
  3 trolls
  3 hornets
  A wind drake (Shoals:1)
  4 dream sheep (Shoals:1)
  13 blink frogs
  4 snapping turtles (Shoals:1)
  Sigmund (D:5)
  6 redbacks
  A shadow (D:11)
  A tarantella (Lair:3)
  2 water elementals (Shoals:1)
  2 vampires (D:12)
  7 wyverns
  32 yaks
  A tarantella (shapeshifter) (D:12)
  4 basilisks
  3 steam dragons
  2 vampire mosquitoes (D:12)
  Edmund (D:6)
  A naga (Orc:1)
  A warg (Orc:1)
  A two-headed ogre zombie (D:9)
  2 acid dragons
  14 water moccasins
  Duvessa (D:7)
  29 orc warriors
  A necrophage (D:7)
  A boggart (D:12)
  9 ogres
  8 wolves
  19 centaurs
  2 phantoms (D:9)
  A kobold brigand (D:7)
  6 bullfrogs
  A gnoll sergeant (D:8)
  A cane toad simulacrum (IceCv)
  A scorpion (D:5)
  Dowan (D:7)
  3 wights (D:6)
  An elephant simulacrum (IceCv)
  27 killer bees
  2 howler monkeys
  A bullfrog zombie (D:5)
  3 centaur zombies
  6 jellies
  2 centaur skeletons
  2 gnoll shamans
  8 orc priests
  4 hounds
  4 iguanas
  9 orc wizards
  5 hell rats
  2 spriggan simulacra (IceCv)
  3 killer bee zombies
  6 ogre zombies (D:9)
  18 gnolls
  2 howler monkey zombies
  4 adders
  13 white imps
  3 ufetubi
  2 dart slugs
  64 orcs
  10 ball pythons
  9 bats
  7 endoplasms
  2 giant cockroaches
  8 goblins
  12 hobgoblins
  7 jackals
  9 kobolds
  3 quokkas
  4 frilled lizards
  5 goblin zombies (D:9)
  A hobgoblin skeleton (D:9)
  A hobgoblin zombie (D:9)
  2 orc skeletons (D:9)
  16 orc zombies (D:9)
  3 rats
613 creatures vanquished.

Vanquished Creatures (collateral kills)
  A death yak (Lair:4)
  An orc knight (Orc:2)
  A water nymph (Shoals:1)
  A wind drake (Shoals:1)
  A water elemental (Shoals:1)
  2 orc warriors (Orc:2)
  2 orcs (Orc:2)
9 creatures vanquished.

Vanquished Creatures (others)
  A deep elf pyromancer (D:12)
  A polar bear (Lair:6)
  2 orc warriors (Orc:2)
  A wraith (D:12)
  A bush (Lair:6)
  43 fungi
  249 plants
  5 withered plants (Orc:2)
303 creatures vanquished.

Grand Total: 925 creatures vanquished

Notes
Turn   | Place    | Note
-------+----------+-------------------------------------------
     0 | D:1      | grimtooth the Deep Dwarf Necromancer began the quest for
                  | the Orb.
     0 | D:1      | Reached XP level 1. HP: 15/15 MP: 3/3
   167 | D:1      | Found Guuzxauq's Armour Shoppe.
   231 | D:1      | Reached XP level 2. HP: 22/22 MP: 0/5
   456 | D:1      | Found Xekanek's Distillery.
   623 | D:1      | Found Egur Sui's Antique Armour Emporium.
   776 | D:1      | Reached skill level 5 in Necromancy
   776 | D:1      | Reached XP level 3. HP: 21/28 MP: 3/6
  1163 | D:1      | Found Losacut's Antique Armour Boutique.
  1344 | D:1      | Found a faded altar of an unknown god.
  2149 | D:2      | Learned a level 3 spell: Vampiric Draining
  2349 | D:2      | Reached XP level 4. HP: 20/36 MP: 0/8
  2956 | D:3      | Found a glowing silver altar of Zin.
  3053 | D:3      | Found Qyngug Vesm's Jewellery Shop.
  3109 | D:3      | Found a sacrificial altar of Ru.
  3350 | D:3      | Found a stormy altar of Qazlal.
  3924 | D:3      | Reached XP level 5. HP: 40/42 MP: 0/9
  4131 | D:3      | Found a bloodstained altar of Trog.
  4385 | D:4      | Reached skill level 6 in Necromancy
  4693 | D:4      | Noticed an ogre
  4941 | D:4      | Found an opulent altar of Gozag.
  5148 | D:1      | Bought a potion of heal wounds for 60 gold pieces
  5282 | D:4      | Reached XP level 6. HP: 48/49 MP: 7/11
  5474 | D:4      | Reached skill level 7 in Necromancy
  5664 | D:5      | Entered Level 5 of the Dungeon
  5745 | D:5      | Found a sparkling altar of Nemelex Xobeh.
  5924 | D:5      | Noticed Sigmund
  5939 | D:5      | Killed Sigmund
  5940 | D:5      | Reached XP level 7. HP: 45/55 MP: 7/13
  6655 | D:5      | Reached skill level 5 in Stealth
  6655 | D:5      | Reached skill level 8 in Necromancy
  6763 | D:5      | Found an ornate altar of the Wu Jian Council.
  7094 | D:5      | Found a burning altar of Makhleb.
  8145 | D:6      | Reached skill level 9 in Necromancy
  8145 | D:6      | Reached XP level 8. HP: 63/63 MP: 10/14
  8179 | D:6      | Reached skill level 1 in Fighting
  8442 | D:6      | Noticed Maggie
  8454 | D:6      | Noticed Edmund
  8464 | D:6      | Killed Edmund
  8805 | D:6      | Noticed Prince Ribbit
  8816 | D:6      | Killed Prince Ribbit
  9318 | D:6      | Learned a level 5 spell: Agony
  9580 | D:7      | Reached skill level 5 in Fighting
  9704 | D:7      | Found a staircase to the Ecumenical Temple.
  9713 | Temple   | Entered the Ecumenical Temple
  9783 | Temple   | Became a worshipper of Kikubaaqudgha
  9852 | D:7      | Reached skill level 10 in Necromancy
  9959 | D:7      | Gained mutation: You passively map the area around you.
                  | [Deep Dwarf growth]
  9959 | D:7      | Reached XP level 9. HP: 80/81 MP: 10/15
 10098 | D:7      | Noticed Duvessa
 10144 | D:7      | Killed Duvessa
 10179 | D:7      | Noticed Dowan
 10196 | D:7      | Killed Dowan
 10495 | D:7      | Found Vizix's Serpentskin Sales.
 10515 | D:7      | Found a radiant altar of Vehumet.
 10771 | D:7      | Found a shadowy altar of Dithmenos.
 10993 | D:8      | Reached * piety under Kikubaaqudgha
 10993 | D:8      | Received a gift from Kikubaaqudgha
 11108 | D:8      | Reached skill level 5 in Dodging
 11398 | D:8      | Reached skill level 11 in Necromancy
 11737 | D:8      | Noticed Harold
 11878 | D:8      | Reached XP level 10. HP: 85/91 MP: 0/17
 12019 | D:8      | Reached skill level 5 in Spellcasting
 12286 | D:8      | You fall into a shaft and drop 2 floors!
 12286 | D:10     | Entered Level 10 of the Dungeon
 12825 | D:7      | Bought a +0 cloak of poison resistance for 93 gold pieces
 12911 | D:9      | Found a shimmering blue altar of Sif Muna.
 12985 | D:9      | Found a staircase to the Lair.
 13231 | D:9      | Found a hazy altar of Hepliaklqana.
 13386 | D:9      | Reached ** piety under Kikubaaqudgha
 13474 | D:9      | Reached skill level 1 in Shields
 13787 | D:9      | Found a staircase to the Orcish Mines.
 14556 | D:10     | Reached skill level 12 in Necromancy
 15260 | D:9      | Reached *** piety under Kikubaaqudgha
 15260 | D:9      | Received a gift from Kikubaaqudgha
 15269 | D:9      | Learned a level 4 spell: Dispel Undead
 15281 | D:9      | Found a broken altar of Ashenzari.
 15356 | D:9      | Reached skill level 5 in Shields
 15884 | Lair:1   | Entered Level 1 of the Lair of Beasts
 15981 | Lair:1   | Found a frozen archway.
 16002 | IceCv    | Entered an ice cave
 16158 | IceCv    | - this is looking pretty hopeless
 16171 | IceCv    | Noticed an ice statue
 16171 | IceCv    | Noticed an ice statue
 16183 | Lair:1   | - sigh
 16263 | Lair:1   | Reached XP level 11. HP: 39/97 MP: 3/19
 16681 | Lair:1   | Noticed a five-headed hydra
 16705 | Lair:1   | Reached skill level 1 in Evocations
 17677 | Lair:1   | HP: 4/97 [five-headed hydra (2)]
 17678 | Lair:1   | - what the hell man
 18031 | D:1      | Bought a +0 buckler of protection for 126 gold pieces
 18374 | D:1      | Bought a potion of might for 48 gold pieces
 18782 | Lair:2   | Found a runed translucent gate.
 18782 | Lair:2   | Found a runed translucent gate.
 18782 | Lair:2   | Found a runed translucent gate.
 18783 | Lair:2   | Noticed a ten-headed hydra
 18783 | Lair:2   | Noticed Junaliek's ghost (journeyman MiFi)
 18787 | Lair:2   | Noticed a 13-headed hydra
 18803 | Lair:2   | Reached skill level 13 in Necromancy
 19104 | Lair:2   | Reached skill level 5 in Evocations
 20012 | Lair:3   | Noticed a five-headed hydra
 20050 | Lair:3   | Found a hole to the Spider Nest.
 20115 | Lair:3   | Reached **** piety under Kikubaaqudgha
 20886 | Lair:3   | Killed a five-headed hydra
 20887 | Lair:3   | - so hydras are a problem
 21323 | Lair:4   | Noticed a death yak
 21324 | Lair:4   | Noticed a death yak
 21672 | Lair:4   | Found a staircase to the Shoals.
 22170 | Lair:4   | Reached XP level 12. HP: 76/109 MP: 2/20
 22706 | Lair:4   | Reached skill level 14 in Necromancy
 22869 | Lair:4   | Killed a death yak
 24108 | Lair:4   | Noticed a death yak
 24513 | Lair:4   | Noticed a death yak
 24534 | Lair:4   | Killed a death yak
 24686 | Lair:4   | Noticed a six-headed hydra
 24702 | Lair:4   | Killed a six-headed hydra
 26177 | Lair:5   | Noticed a six-headed hydra
 26185 | Lair:5   | Killed a six-headed hydra
 26332 | Lair:5   | Reached skill level 15 in Necromancy
 26611 | Lair:5   | Noticed a six-headed hydra
 26940 | Lair:4   | Killed a death yak
 26943 | Lair:4   | Killed a death yak
 27341 | Lair:5   | Reached XP level 13. HP: 88/121 MP: 14/24
 27870 | Lair:6   | Entered Level 6 of the Lair of Beasts
 28304 | Lair:6   | Found a staircase to the Slime Pits.
 28406 | Lair:6   | Reached skill level 1 in Armour
 29769 | Lair:6   | - ponds... bleah
 29957 | Lair:6   | Reached skill level 5 in Armour
 30733 | Lair:6   | Identified the +5 long sword of the Moon {vamp, rCorr}
 31474 | Orc:1    | Entered Level 1 of the Orcish Mines
 31827 | Orc:1    | Reached ***** piety under Kikubaaqudgha
 32277 | Orc:1    | Reached skill level 10 in Fighting
 32542 | Orc:2    | Entered Level 2 of the Orcish Mines
 32682 | Orc:2    | Found Wubaumn's CLEARANCE SALE! EVERYTHING MUST GO!.
 32766 | Orc:2    | Bought a potion of resistance for 30 gold pieces
 32766 | Orc:2    | Bought a potion of magic for 24 gold pieces
 33056 | Orc:2    | Found a staircase to the Elven Halls.
 33742 | Orc:2    | Gained mutation: You resist negative energy. (rN+) [Deep
                  | Dwarf growth]
 33742 | Orc:2    | Reached XP level 14. HP: 87/133 MP: 18/26
 34544 | Orc:2    | Found a runed translucent gate.
 34544 | Orc:2    | Found a runed translucent gate.
 34544 | Orc:2    | Found a runed translucent gate.
 34545 | Orc:2    | Noticed JamesMcGaha's ghost (journeyman GrBe)
 34563 | Orc:2    | Noticed DemonSlayer's ghost (journeyman DsBe)
 34579 | Orc:2    | Found Yxisysh's Armour Boutique.
 34579 | Orc:2    | Found Waucits's Jewellery Shoppe.
 34581 | Orc:2    | Found Rekaobb's Armour Emporium.
 34582 | Orc:2    | Found Rarusiut's General Store.
 34728 | Orc:2    | Bought a scroll of identify for 26 gold pieces
 34728 | Orc:2    | Bought a wand of paralysis (8) for 130 gold pieces
 34733 | Orc:2    | Bought a +1 pair of boots of flying for 264 gold pieces
 35021 | D:1      | Bought a twisted leather armour for 168 gold pieces
 35021 | D:1      | Identified the +1 leather armour "Gaigell" {rElec rF-
                  | Int+6} (You bought it in a shop on level 1 of the Dungeon)
 35047 | D:1      | Bought a distressingly furry ring mail for 261 gold pieces
 35047 | D:1      | Identified the +5 ring mail "Soex" {rN+ Dex-2 SInv} (You
                  | bought it in a shop on level 1 of the Dungeon)
 35047 | D:1      | Bought a distressingly furry scale mail for 261 gold pieces
 35047 | D:1      | Identified the +5 scale mail of Inaction {rC+ rN+} (You
                  | bought it in a shop on level 1 of the Dungeon)
 35445 | D:6      | Killed Maggie
 35712 | D:8      | Killed Harold
 36413 | D:11     | Found a runed translucent door.
 36415 | D:11     | Noticed ravioli's ghost (journeyman DjFE)
 36970 | D:12     | Noticed Nessos
 36999 | D:12     | Killed Nessos
 37636 | D:12     | Noticed a frost giant
 37648 | D:12     | Noticed a stone giant
 37649 | D:12     | Killed a frost giant
 37663 | D:12     | Killed a stone giant
 37664 | D:12     | Noticed a frost giant
 37665 | D:12     | - still no teleport
 37929 | D:12     | Learned a level 2 spell: Sublimation of Blood
 37936 | D:12     | Learned a level 6 spell: Simulacrum
 38181 | D:12     | Noticed a frost giant
 38186 | D:12     | - this is a heck of a vault
 38861 | D:13     | Noticed Jorgrun
 39147 | D:13     | Reached skill level 1 in Ice Magic
 39335 | D:13     | Paralysed by a centaur for 5 turns
 39517 | D:13     | Found a gate to the Vaults.
 39528 | D:13     | Reached skill level 5 in Ice Magic
 39628 | D:13     | Reached XP level 15. HP: 104/144 MP: 5/26
 39892 | D:13     | Reached XP level 16. HP: 122/152 MP: 27/27
 39898 | D:13     | Found a broken altar of Ashenzari.
 39939 | D:13     | Identified the +0 pair of boots "Woenihed" {rF+ rC+ Regen+}
 40494 | Spider:1 | Entered Level 1 of the Spider Nest
 40987 | Spider:1 | - I got nothing for these dudes
 41086 | Shoals:1 | Entered Level 1 of the Shoals
 41819 | D:3      | Bought the amulet "Veica" {RegenMP rN+ Will+ Str+2} for 510
                  | gold pieces
 42370 | Shoals:1 | Noticed Aizul
 42390 | Shoals:1 | Killed Aizul
 42409 | Shoals:1 | - finally
 43140 | D:12     | Hit by a large rock thrown by a cyclops

Illustrated notes ##### ##...## ##.....## #...∩...# #...∩...# ##..@..## ##...## #...## ##...# ##...# #...## **##...## * #..(..# #...........# #......(......# *#......(......# Turn 16158 on IceCv: - this is looking pretty hopeless * ##### ########.#.####### , ..........((...<.# ,, , ..........#P.#...# , .......@.....#...# * .#................# * #.....(.....#...## , #...........#...# , #...#.......#...# #...#.......#....# #.. #.......#...## * ... #........ .# , , * *, * ,,* * * ,, , ,, , * , ,, * Turn 16183 on Lair:1: - sigh .......≈≈≈≈≈...................#. .......≈≈≈≈≈...................#. +###....≈≈≈≈≈.................... ...#....≈≈≈≈≈.................... .........≈≈≈≈≈......P#.##.#.#..#. ...#...).≈≈≈≈≈......#########.... ...#......≈≈≈≈......# #.... ...#.......≈≈≈......# #.... ...#................# ##.... ###.................# ### #..... ...............D@...####P####.... ................................. #####################..######..#. #### ##### Turn 17678 on Lair:1: - what the hell man ..................## ..................## ..................P# ..........##.#.#..## .#..#....###.##...# ##................### .........#.....P..#.# .........#....P....# ##.#....##....#...## ##.#....##....'...# .........#..####@.# ..........#####†..# ..................### ....................# ..<....P...........## ......#.P.P.#.###.## ......###.#..###...## ......#........##...# .#.............#P.### .......#.......##.## #..............##..# Turn 20887 on Lair:3: - so hydras are a problem

, ..#.....###............... ,
,... #.)#### #......#...>...# *
..####..#####.............(. ,
........##.#................ ,,
....................#....... ,
.......................#.... ,
............................
,,,............................
, ?................#..#..##...
, ,
..................##...#.... ,,
....Y≈..≈.≈@≈≈....##...#.... ≈
##≈≈≈#≈≈#≈≈≈##....P....!P... ≈
≈ #.≈.#≈≈#≈≈≈≈#≈.............
≈≈ ≈≈≈≈≈≈≈P(≈P≈≈≈....P....PP..P
*≈ #.≈≈###t#≈≈≈≈≈≈..#.....PP...
≈≈≈≈≈ ≈≈≈≈#≈≈##....#...#...P. ≈
≈#≈#≈#≈≈≈≈≈....#..##.... ≈ ≈≈ ≈
≈≈≈.#≈≈≈≈...##...#..... ,
*,,#≈.≈≈.............. *⌠ ≈≈ ≈
⌠#≈≈≈#.............. ≈ , 8
#≈≈≈#≈.............


Turn 29769 on Lair:6: - ponds... bleah ##.#[###.....#####.......######..
#.........................†...... ...###.#.....#####.......#####...
#.####.#.....# #.......# ##... ..#....####### ############.... ..###.##
############# #......... ......#* #...........###......... ...####
..###.8.###...#......... ...# #.......###..........# ...#..
**#..#.....#..###.....).(# .>...* *,.##.#..@#D##..###...)... .#.##* *#.#.#.#C#.#
#.,###..### ...# , ..........y.y , #...## ####,, #.###.#.#.###.# , ##<... *, #.,
#.##.##. ,..#, #.... #. .* #..*#.# .. *#.#, ##... *.# . #.# ...,#B# #. #... #.
.. # ... *.# ##.. .# .# * ,, ,* #.. #. .. * , * , ,##. .#.# C ** * , * #. Turn
37665 on D:12: - still no teleport ##.# , ##<.....#..........# ,..#,
#.....##..........# . *#.#, ##°...##......., ,* B# #. #°.e.#........ * .#
##B...........# , ,* #...#........# , ,##..#........# * #..cC.......# ,
#........# * ,,, #C.......# ,,,,, ,, ,,#@.......# ** , , #........# *, * , , *
#...###### * ,* * #...# , * , * #...# #...# * , #...# ,* * * #...# . *
,#######...# # ,* ,#.........# ##. ##.######### Turn 38186 on D:12: - this is a
heck of a vault * , , * * ,, , ,, , * , * ,,##.... * * #...., , ##.s.# * *
##....# #### #..... #..# #.... ##..### #..## #### ##...#.###...###..###
#.......###.@.......# ##......####..^..)..## ###.#...#.#####.....#
####<....##......## #...^..#..##.#### #......##..###..## #......^##.......#
##......##.....>^# ##.#..####......# ###..^###..##.## ##.....#....# # Turn 40987
on Spider:1: - I got nothing for these dudes ≈.≈....##....≈≈≈≈≈.....≈≈≈≈≈≈≈≈≈≈
≈≈...........≈≈≈≈≈≈≈≈.≈≈≈≈≈≈≈≈≈≈≈ ≈..#.....###..≈≈≈<≈≈≈≈≈≈..≈≈≈≈≈≈≈ ≈..#.....#
##..)÷..(..≈.≈.≈≈≈≈≈≈≈ ...(...≈.####.≈≈..≈....≈≈..≈≈≈≈≈≈
...###...........≈.≈≈..≈≈≈≈≈≈≈≈≈≈ ≈..###...≈...[....≈.≈≈≈≈≈≈≈≈≈≈≈≈≈
≈...........##...≈≈≈.≈≈≈≈≈≈≈≈≈ ≈ ≈.....≈......#..≈≈≈≈≈..≈≈≈≈≈≈ ≈
≈≈.................≈≈≈≈≈≈≈≈≈ ≈ ≈ ≈≈≈≈............@≈≈≈≈≈≈≈≈≈≈ ≈≈
≈≈≈≈≈≈≈..†###..........≈≈≈≈ ≈ ≈≈≈≈≈≈....# #.......##...≈ ≈ ≈≈≈≈≈≈....#*#......##
≈≈ ≈ ≈≈≈≈≈≈≈..........≈.# * , ≈ ≈≈≈≈≈≈.........≈≈≈.# * , ≈≈
≈≈≈≈≈≈........≈≈≈≈.#* ** ** ≈≈≈≈≈≈≈......≈≈≈≈≈.. * ≈≈≈≈≈≈≈...$..≈≈≈ * ,
.≈≈≈....###....≈ ≈ , , , , , ≈≈≈, ,, Turn 42409 on Shoals:1: - finally

Levels and vault maps discovered:
D:1:      shiori_arrival_whats_in_store_for_you, layout_rooms, serial_shops,
          nicolae_shop_waterfront, nicolae_diamond_shop, nicolae_square_shop,
          nicolae_shop_trees, shapermc_ecumenical_altar_mp_urbaneastern,
          moated_statue, st_stairs_3
D:2:      layout_loops_corners
D:3:      layout_loops_corners, lemuel_doored_altar,
          nicolae_overflow_hidden_temple, nicolae_ru_sacrificial_ziggurat,
          mainiacjoe_overflow_24_doors, serial_shops, nicolae_square_shop
D:4:      layout_basic, nicolae_gozag_seed_capital
D:5:      layout_basic, mainiacjoe_overflow_surrounded_room,
          mainiacjoe_overflow_chevrons, amcnicky_altar_gilded, uniq_sigmund
D:6:      layout_basic, uniq_maggie, uniq_edmund, uniq_prince_ribbit1
D:7:      layout_cave_pools, grunt_dithmenos_smoke_and_mirrors,
          mainiacjoe_overflow_boulevard, lemuel_temple_firewalk_b,
          guppyfry_shop_venom, uniq_duvessa
D:8:      layout_cave_pods, uniq_harold
D:9:      layout_roguey, mainiacjoe_overflow_catch_the_wave,
          mainiacjoe_overflow_alcove_2, lair_entry_dummy, zombieorc2_lemuel
D:10:     layout_basic
D:11:     layout_gridville, ebering_ghost_reflecting_pool, minivault_21
D:12:     minmay_complete_graph, layout_basic, uniq_nessos
D:13:     layout_roguey, erik_vaults_2, nicolae_ashenzari_skybound, uniq_jorgrun
D:14:     layout_rooms, serial_shops, nicolae_shop_behind_doors, serial_curves,
          eino_curves_01, eino_curves_04, eino_curves_04,
          nicolae_vehumet_altar_sigil
Temple:   nicolae_temple_figure_zero
Lair:1:   wander_river, layout_chaotic_city, portal_ice_cave_entry_imps,
          minivault_19, serial_bayou_shore_b, lemuel_fruit_fields
Lair:2:   layout_chaotic_city, gammafunk_ghost_hydra_chop
Lair:3:   layout_regular_city, spider_nest_entry_webs,
          infiniplex_staircase_pool, grunt_megastairs_3
Lair:4:   layout_cave_pods, elwin_shoals_entry_rocks
Lair:5:   layout_hall_layers, serial_bayou_shore_a
Lair:6:   gammafunk_lair_ancient_temple, layout_regular_city,
          nicolae_slime_entry_slimehenge, serial_forest,
          infiniplex_forest_clump_cross, infiniplex_forest_lined_3_way,
          infiniplex_forest_split, infiniplex_forest_clump_double,
          infiniplex_forest_clump_double, infiniplex_forest_clump_small,
          infiniplex_forest_end_3, infiniplex_forest_corner_1,
          infiniplex_forest_straight_2
Shoals:1: layout_shoals, uniq_aizul
Spider:1: layout_spider_delve, uniq_asterion
Orc:1:    layout_diamond_mine
Orc:2:    st_orc_rangers, layout_diamond_mine, gammafunk_ghost_cemetery,
          nicolae_shop_clearance

Skill      XL: |  1  2  3  4  5  6  7  8  9 10 11 12 13 14 15 16 |
---------------+-------------------------------------------------+-----
Spellcasting   | 2 3 4 6 8 9 |  9.9
Necromancy     | 5 6 7 9 10 11 12 13 15 | 15.3
Stealth        | 4 6 9 |  9.0
Fighting       | 5 6 7 9 10 12 | 12.0
Dodging        | 6 |  6.0
Shields        | 6 |  6.0
Evocations     | 9 |  9.0
Armour         | 6 9 |  9.0
Ice Magic      | 5 7 9 |  9.5

Action                   |  1- 3 |  4- 6 |  7- 9 | 10-12 | 13-15 | 16-18 || total
-------------------------+-------+-------+-------+-------+-------+-------++-------
Melee: Short sword       |     3 |    25 |       |       |       |       ||    28
       Dagger            |       |       |    95 |   409 |    64 |       ||   568
       Long sword        |       |       |       |       |   325 |    58 ||   383
Throw: Stone             |       |    18 |   113 |   167 |    56 |       ||   354
       Dart              |       |       |    27 |   121 |    23 |     6 ||   177
       Boomerang         |       |       |       |       |    11 |     2 ||    13
 Cast: Pain              |    98 |    74 |    59 |    45 |    26 |       ||   302
       Vampiric Draining |     1 |    24 |    87 |   280 |   303 |    99 ||   794
       Agony             |       |       |     1 |    35 |    37 |    12 ||    85
       Dispel Undead     |       |       |       |     5 |     3 |       ||     8
       Simulacrum        |       |       |       |       |       |     3 ||     3
       Sublimation of Bl |       |       |       |       |       |     1 ||     1
 Abil: Heal Wounds       |       |       |       |    12 |     3 |     1 ||    16
Evoke: Wand              |       |       |     3 |    49 |    32 |     5 ||    89
       Condenser vane    |       |       |       |       |     1 |       ||     1
  Use: Scroll            |       |     9 |     4 |    12 |     5 |     2 ||    32
       Potion            |       |     1 |       |     6 |     4 |       ||    11
 Stab: Sleeping          |       |       |     2 |     4 |     7 |     1 ||    14
       Paralysed         |       |       |     1 |     1 |    12 |       ||    14
Armor: Robe              |    16 |       |       |       |       |       ||    16
       Leather armour    |       |     8 |    29 |   169 |   210 |       ||   416
       Scale mail        |       |       |       |       |   379 |   139 ||   518
Dodge: Dodged            |    34 |    35 |   115 |   418 |   568 |   119 ||  1289
Block: Buckler           |       |       |       |   110 |   269 |    45 ||   424
       Rpst.: Long sword |       |       |       |       |    83 |    21 ||   104
